 Dungeon Crawl Stone Soup version 0.20-a0-1109-ge3cd172 (webtiles) character file.

774 urechis the Cleaver (level 7, -15/68 HPs)
             Began as a Hill Orc Berserker on May 5, 2017.
             Was a Priest of Trog.
             Demolished by an ogre
             ... wielding a +0 giant club
              (22 damage)
             ... on level 5 of the Dungeon.
             The game lasted 00:07:30 (5549 turns).

urechis the Cleaver (Hill Orc Berserker)            Turns: 5549, Time: 00:07:30

Health: -15/68     AC:  3    Str: 25    XL:     7   Next: 84%
Magic:  7/7        EV: 12    Int:  7    God:    Trog [***...]
Gold:   239        SH:  0    Dex: 12    Spells: 6/6 levels left

rFire    + + .     SeeInvis +   C - +5 long sword "Sewk" {holy, rF++ rN+ SInv}
rCold    . . .     Gourm    .   (no shield)
rNeg     + . .     Faith    .   b - +0 animal skin
rPois    .         Spirit   .   y - +0 helmet
rElec    .         Reflect  .   (no cloak)
rCorr    .         Harm     .   (no gloves)
MR       .....                  (no boots)
Stlth    +.........             (no amulet)
Regen    0.3/turn               (no ring)
MPRegen  0.1/turn               (no ring)

@: mighty
A: no striking features
a: Berserk, Trog's Hand, Burn Spellbooks, Renounce Religion


You were on level 5 of the Dungeon.
You worshipped Trog.
Trog was most pleased with you.
You were hungry.

You visited 1 branch of the dungeon, and saw 5 of its levels.

You collected 239 gold pieces.

Inventory:

Hand Weapons
 a - a +0 hand axe
 C - the +5 long sword "Sewk" (weapon) {holy, rF++ rN+ SInv}
   (You found it on level 5 of the Dungeon)

   It has been blessed by the Shining One to cause great damage to the undead
   and demons.
   It greatly protects you from fire.
   It protects you from negative energy.
   It lets you see invisible.
Armour
 b - a +0 animal skin (worn)
 y - a +0 helmet (worn)
Jewellery
 h - an uncursed ring of wizardry {unknown}
 A - an uncursed ring of fire {unknown}
Wands
 B - a wand of digging (8/24)
Scrolls
 d - a scroll of amnesia {unknown}
 f - a scroll of magic mapping {unknown}
 k - 2 scrolls of immolation {unknown}
 l - 4 scrolls of identify {unknown}
 m - a scroll of noise {unknown}
 p - 2 scrolls of enchant weapon {unknown}
 q - 3 scrolls of enchant armour {unknown}
 v - a scroll of fear {unknown}
 w - 3 scrolls of remove curse {unknown}
 x - a scroll of teleportation {unknown}
Potions
 e - 2 potions of might
 g - 2 potions of curing
 i - 3 potions of resistance {unknown}
 j - a potion of degeneration {unknown}
 r - a potion of flight {unknown}
 s - a potion of agility {unknown}
 u - a potion of mutation {unknown}
 z - 2 potions of brilliance {unknown}
Books
 t - a book of Maledictions

   Spells                             Type                      Level
   a - Corona                         Hexes                        1
   b - Ensorcelled Hibernation        Hexes/Ice                    2
   c - Confuse                        Hexes                        3
   d - Tukima's Dance                 Hexes                        3
   e - Dazzling Spray                 Conjuration/Hexes            3
   Trog disapproves of the use of such an item.
Comestibles
 c - 4 bread rations
 n - 2 fruits
 o - a royal jelly


   Skills:
 + Level 8.0 Fighting
 + Level 8.8 Axes
 - Level 2.1 Armour
 - Level 1.5 Dodging


You had 6 spell levels left.
You didn't know any spells.

Dungeon Overview and Level Annotations

Branches:
Dungeon (5/15)
 Temple: D:4-7

Altars:
Ashenzari
Gozag
Nemelex Xobeh
Qazlal
Trog
Xom


Message History

An ogre is nearby!
An ogre is nearby!
You hit the ogre.
The ogre is moderately wounded.
The ogre hits you with a giant club!!
* * * LOW HITPOINT WARNING * * *
You hit the ogre.
The ogre is moderately wounded.
The ogre hits you with a giant club!!
* * * LOW HITPOINT WARNING * * *
It was a potion of might.
You feel very mighty all of a sudden. The ogre closely misses you.
You barely miss the ogre.
The ogre is moderately wounded.
The ogre barely misses you.
You slash the ogre!
The ogre is severely wounded.
The ogre hits you with a giant club!!
You die...

.................#.#
.......###......##.#
....... ###..####.#
.......
##.####'##### ..####
#..##......#
##.##......#
#..#..<...#
##O#......#
#.@......#
##.#.#####
#.........#
##...####.# #...#
#...# ##..# #.>#
####


You could see an ogre.

Vanquished Creatures
  Sigmund (D:2)
  A bullfrog (D:4)
  A howler monkey (D:4)
  A jelly (D:4)
  A gnoll shaman (D:4)
  An orc priest (D:4)
  A bullfrog skeleton (D:5)
  An orc wizard (D:4)
  Natasha (thrice) (D:2)
  2 worker ants (D:4)
  A hound zombie (D:5)
  Robin (D:3)
  3 gnolls (D:4)
  7 adders
  2 shadow imps
  3 worms
  2 dart slugs
  3 leopard geckos
  8 orcs
  7 bats
  5 giant cockroaches
  16 goblins
  6 hobgoblins
  10 jackals
  6 frilled lizards
  7 kobolds
  10 rats
110 creatures vanquished.

Notes
Turn   | Place    | Note
-------+----------+-------------------------------------------
     0 | D:1      | urechis the Hill Orc Berserker began the quest for the Orb.
     0 | D:1      | Reached XP level 1. HP: 19/19 MP: 1/1
   103 | D:1      | Reached XP level 2. HP: 17/27 MP: 2/2
   882 | D:2      | Reached XP level 3. HP: 19/34 MP: 3/3
   927 | D:2      | Reached skill level 5 in Axes
  1083 | D:2      | Noticed Natasha
  1096 | D:2      | Killed Natasha
  1096 | D:2      | Reached XP level 4. HP: 24/41 MP: 4/4
  1298 | D:2      | Noticed Sigmund
  1309 | D:2      | Reached ** piety under Trog
  1311 | D:2      | Killed Sigmund
  1311 | D:2      | Reached XP level 5. HP: 50/50 MP: 5/5
  1311 | D:2      | Reached XP level 6. HP: 57/57 MP: 6/6
  1675 | D:2      | Noticed Natasha
  1689 | D:2      | Killed Natasha
  1876 | D:2      | Found an opulent altar of Gozag.
  1876 | D:2      | Found a sparkling altar of Nemelex Xobeh.
  1920 | D:2      | Found a shattered altar of Ashenzari.
  1922 | D:2      | Found a faded altar of an unknown god.
  1924 | D:2      | Found a faded altar of an unknown god.
  1966 | D:2      | Noticed Natasha
  1974 | D:2      | Killed Natasha
  2390 | D:3      | Found a shimmering altar of Xom.
  2441 | D:3      | Reached *** piety under Trog
  3075 | D:3      | Noticed Robin
  3089 | D:3      | Killed Robin
  3544 | D:4      | Reached XP level 7. HP: 34/66 MP: 7/7
  5034 | D:4      | Noticed a water elemental
  5036 | D:4      | Found a stormy altar of Qazlal.
  5037 | D:4      | Noticed an air elemental
  5037 | D:4      | Noticed a fire elemental
  5268 | D:4      | Found a bloodstained altar of Trog.
  5317 | D:5      | Entered Level 5 of the Dungeon
  5495 | D:5      | Got a slimy long sword
  5496 | D:5      | Identified the +5 long sword "Sewk" {holy, rF++ rN+ SInv} (You found it on level 5 of the Dungeon)
  5549 | D:5      | Demolished by an ogre

Vault maps used:
D:1:      lightli_arrival_statuegarden, st_stairs_12
D:2:      chequers_temple_overflow_minitemple, uniq_sigmund, uniq_natasha
D:3:      nicolae_overflow_crystal_walls, kennysheep_generic_room_16, uniq_robin
D:4:      nicolae_qazlal_style_of_elements, nicolae_overflow_hidden_temple,
          first_bread
D:5:      vehumet_crystals, minmay_temple_entry_statues

Skill      XL: |  1  2  3  4  5  6  7 |
---------------+----------------------+-----
Fighting       | 4 6 7 8 |  8.0
Axes           | 5 6 7 8 |  8.8
Armour         | |  2.1
Dodging        | |  1.5

Action                   |  1- 3 |  4- 6 |  7- 9 || total
-------------------------+-------+-------+-------++-------
Melee: Hand axe          |    72 |   212 |   110 ||   394
       Long sword        |       |       |     7 ||     7
Invok: Berserk           |     1 |     2 |     3 ||     6
       Trog's Hand       |       |       |     1 ||     1
  Use: Potion            |       |       |     2 ||     2
 Stab: Sleeping          |     1 |     1 |     1 ||     3
  Eat: Chunk             |     1 |    10 |     9 ||    20
Armor: Animal skin       |    14 |    27 |    17 ||    58
Dodge: Dodged            |    62 |   129 |    56 ||   247
       Rpst.: Long sword |       |       |     2 ||     2
